AoeStats
← 伟少

Arena

510792002Analyzed
4v4 RM · 17h ago on Oct 2, 2026· 48m 4s· 8 players
Game mode
Random Map
Map size
Large (8 player)
Population
200
Speed
Normal
Resources
Standard
Victory
Conquest
Starting age
Dark Age
Ending age
Imperial Age
RankedLock teamsTeams togetherTeam positionsShared explorationLock speedFull tech treeHidden civsTurbo modeCheats
Victory
Defeat
🇨🇳 Cumans · China
1346
+14
🇳🇱 Koreans · Netherlands
1340
+14
🇳🇱 Varangians · Netherlands
1337
+14
🇨🇦 Romans · Canada
1268
+18
🇹🇼 Britons · Taiwan
1327
-16
🇹🇼 Teutons · Taiwan
1323
-16
🇭🇰 Italians · Hong Kong SAR China
1283
-14
🇹🇼 Danes · Taiwan
1271
-14
Theodore
7:09 Loom
11:04 Feudal Age
11:48 Double-Bit Axe
14:55 Castle Age
13:18 Horse Collar
15:32 Man-at-Arms
18:53 Loom
40:54 Scale Barding Armor
43:49 Wheelbarrow
45:21 Chain Barding Armor
45:40 Forging
45:49 Bloodlines
45:49 Husbandry
47:27 Iron Casting
Zilvervloot
10:59 Feudal Age
14:55 Castle Age
12:54 Horse Collar
13:21 Double-Bit Axe
22:35 Wheelbarrow
22:35 Bow Saw
22:56 Heavy Plow
24:16 Hand Cart
25:04 Gold Mining
25:06 Stone Mining
25:42 Loom
25:43 Town Watch
29:19 Imperial Age
27:12 Fletching
27:20 Pikeman
27:57 Bodkin Arrow
28:03 Scale Mail Armor
28:13 Forging
28:40 Squires
28:25 Arson
29:52 Stone Shaft Mining
29:55 Gold Shaft Mining
29:48 Ballistics
30:15 Bracer
30:37 Conscription
33:55 Chemistry
35:38 Chain Mail Armor
34:46 Elite Fire Lancer
38:21 Plate Mail Armor
39:59 Iron Casting
40:23 Elite War Wagon
43:55 Siege Engineers
44:03 Masonry
43:49 Murder Holes
47:03 Guilds
48:03 Spies/Treason
CallMePinda
9:41 Feudal Age
7:58 Loom
11:21 Fletching
16:35 Castle Age
18:11 Horse Collar
24:50 Double-Bit Axe
26:51 Bow Saw
27:41 Scale Mail Armor
28:45 Chain Mail Armor
28:48 Gold Mining
29:22 Squires
30:07 Wheelbarrow
29:40 Arson
30:28 Forging
31:11 Gambesons
37:35 Imperial Age
36:13 Hand Cart
37:41 Gothikon
38:59 Conscription
38:18 Elite Varangian Guard
39:33 Plate Mail Armor
39:39 Iron Casting
43:37 Blast Furnace
伟少
9:08 Feudal Age
9:47 Double-Bit Axe
10:09 Horse Collar
20:39 Castle Age
19:01 Loom
19:25 Gold Mining
21:25 Heavy Plow
21:36 Bow Saw
22:02 Wheelbarrow
21:27 Fletching
21:38 Padded Archer Armor
21:46 Thumb Ring
21:02 Crossbowman
22:17 Bodkin Arrow
25:47 Gold Shaft Mining
25:26 Padded Archer Armor
30:22 Imperial Age
28:08 Hand Cart
27:59 Capped Ram
28:35 Man-at-Arms
29:51 Scale Mail Armor
30:01 Forging
29:56 Long Swordsman
30:52 Chain Mail Armor
32:46 Squires
33:22 Iron Casting
32:37 Two-Handed Swordsman
33:36 Champion
34:54 Siege Ram
38:29 Plate Mail Armor
39:01 Blast Furnace
40:22 Elite Skirmisher
41:20 Leather Archer Armor
42:44 Ring Archer Armor
42:36 Ballistics
43:17 Chemistry
42:40 Scale Barding Armor
43:13 Steppe Husbandry
43:33 Conscription
43:08 Light Cavalry
43:58 Bloodlines
44:10 Chain Barding Armor
45:05 Masonry
44:26 Hussar
45:10 Cuman Mercenaries
kenchen
9:58 Feudal Age
13:48 Castle Age
12:35 Double-Bit Axe
14:41 Loom
15:35 Bow Saw
15:06 Horse Collar
21:09 Arson
22:51 Scale Mail Armor
24:02 Squires
25:23 Chain Mail Armor
25:19 Forging
28:23 Gold Mining
28:23 Stone Mining
29:48 Forging
31:33 Wheelbarrow
37:16 Imperial Age
35:08 Heavy Plow
35:46 Gold Shaft Mining
35:46 Stone Shaft Mining
36:11 Hand Cart
38:23 Conscription
37:25 Onager
38:07 Fletching
38:16 Heavy Mounted Crossbowman
38:17 Cranequins
39:34 Bodkin Arrow
39:46 Husbandry
39:57 Bloodlines
40:37 Bracer
40:39 Padded Archer Armor
40:51 Siege Onager
42:01 Thumb Ring
44:02 Heated Shot
46:30 Chemistry
BILLLLLLLYYY
4:53 Loom
10:38 Feudal Age
14:21 Castle Age
12:45 Double-Bit Axe
13:28 Horse Collar
14:11 Fletching
22:02 Bodkin Arrow
23:04 Gold Mining
24:42 Ballistics
25:09 Padded Archer Armor
28:05 Leather Archer Armor
30:24 Bow Saw
32:36 Heavy Plow
33:39 Wheelbarrow
35:42 Imperial Age
35:59 Hand Cart
36:14 Town Watch
37:39 Chemistry
38:44 Two-Man Saw
38:27 Bracer
41:08 Ring Archer Armor
40:45 Thumb Ring
44:27 Elite Genoese Crossbowman
Sasankuros
0:27 Loom
10:29 Feudal Age
15:43 Castle Age
13:38 Double-Bit Axe
13:53 Horse Collar
16:34 Heavy Plow
24:43 Forging
24:59 Scale Barding Armor
24:28 Pikeman
25:09 Squires
24:55 Arson
27:24 Iron Casting
26:50 Scale Mail Armor
27:43 Bow Saw
28:35 Fletching
28:46 Padded Archer Armor
29:28 Wheelbarrow
29:20 Ballistics
29:01 Stone Mining
30:43 Hand Cart
31:45 Elite Skirmisher
35:53 Imperial Age
34:50 Bodkin Arrow
36:43 Yeomen
36:46 Bracer
37:49 Chemistry
38:28 Leather Archer Armor
37:59 Treadmill Crane
38:29 Masonry
39:10 Gold Mining
39:07 Crossbowman
40:49 Conscription
40:02 Elite Longbowman
40:13 Arbalester
42:27 Gold Shaft Mining
43:42 Ring Archer Armor
45:34 Two-Man Saw
z3qc7i0oc5s1k
2:50 Loom
8:33 Feudal Age
8:40 Loom
10:01 Fletching
10:00 Town Watch
10:22 Double-Bit Axe
12:00 Town Watch
15:29 Wheelbarrow
26:21 Castle Age
26:04 Scale Mail Armor
26:24 Pikeman
29:06 Bow Saw
29:51 Horse Collar
33:07 Sanctity
38:02 Heavy Plow
41:55 Bodkin Arrow
Connection lost

Rejoining the realm…

Still unreachable

The connection could not be restored.

Session expired

The server has moved on; the page needs a fresh start.